 Dungeon Crawl Stone Soup version 0.30.0-5-g1a98f26d00 (webtiles) character file.

Game seed: 17271020563269931242

69 melkoren the Ducker (level 4, -7/30 HPs)
             Began as a Demonspawn Gladiator on May 10, 2023.
             Was a Follower of Hepliaklqana.
             Killed by divine providence
             ... invoked by an orc priest
              (16 damage)
             ... on level 3 of the Dungeon.
             The game lasted 00:07:23 (2868 turns).

melkoren the Ducker (Demonspawn Gladiator)          Turns: 2868, Time: 00:07:24

Health: -7/30      AC:  4    Str: 14    XL:     4   Next: 2%
Magic:  4/4        EV: 13    Int: 10    God:    Hepliaklqana [*.....]
Gold:   73         SH:  0    Dex: 18    Spells: 3/3 levels left

rFire   . . .        j - +0 short sword
rCold   . . .        (no shield)
rNeg    . . .        b - +0 leather armour
rPois   .            c - +0 helmet
rElec   .            (no cloak)
rCorr   .            (no gloves)
SInv    .            (no boots)
Will    .....        (no amulet)
Stlth   ++           (no ring)
HPRegen 0.25/turn    (no ring)
MPRegen 0.09/turn

%: clarity
@: studying Long Blades
A: reduced essence, thin skeletal structure 1, ignite blood 1, demonic magic 1,
clarity
a: Renounce Religion, Recall Ancestor, Ancestor Identity


You were on level 3 of the Dungeon.
You worshipped Hepliaklqana.
Hepliaklqana was aware of your devotion.
You visited 1 branch of the dungeon, and saw 3 of its levels.

You collected 73 gold pieces.

Inventory:

Hand Weapons
 a - a +0 war axe
 j - a +0 short sword (weapon)
Missiles
 d - 3 throwing nets (quivered)
 e - a javelin
 g - 3 atropa-tipped darts
Armour
 b - a +0 leather armour (worn)
 c - a +0 helmet (worn)
Jewellery
 n - a ring of magical power
Wands
 m - a wand of flame (15)
Scrolls
 f - a scroll of identify
 i - 2 scrolls of teleportation
 k - a scroll of fog {unknown}
 l - 2 scrolls of blinking
Potions
 h - a potion of curing


   Skills:
 + Level 2.6 Fighting
 - Level 0.1(1.8) Short Blades
 * Level 3.0 Long Blades
 - Level 2.6 Axes
 - Level 1.7 Throwing
 + Level 0.8 Armour
 + Level 3.2 Dodging


You had 3 spell levels left.
You didn't know any spells.
Your spell library contained the following spells:

 Spells                   Type           Power      Damage    Failure   Level
 Ensorcelled Hibernation  Hex/Ice        0%         N/A       56%         2
 Spider Form              Tmut/Pois      0%         N/A       80%         3
 Anguish                  Hex/Necr       0%         N/A       99%         4


Dungeon Overview and Level Annotations

Branches:
Dungeon (3/15)

Altars:
Hepliaklqana


Innate Abilities, Weirdness & Mutations

Your life essence is reduced to manifest your ancestor. (-10% HP)
You have a somewhat thin skeletal structure. (Dex +2, Stealth+)
Your demonic aura sometimes causes spilled blood to erupt in flames.
Spells you cast may paralyse adjacent enemies.
You possess an exceptional clarity of mind.


Message History

You see here a +0 dagger.
k - a scroll labelled EBAKHL QAAD An orc wizard comes into view.
It is wielding a +0 dagger.
An orc priest comes into view. It is wielding a +0 hand axe.
The orc priest shouts!
You hear an angry hiss.
An orc priest comes into view. It is wielding a +0 whip.
The orc wizard shouts!
An adder and an orc wizard come into view.
The orc wizard shouts!
The orc priest looks satisfied for a moment.
An orc comes into view. It is wielding a +0 whip of draining.
Found a scroll labelled GOOCRE DICKIDD.
The orc wizard misses you.
The orc priest mumbles some strange prayers to Beogh against you.
Beogh smites you!
Okay, then.
You hit the orc priest but do no damage.
The orc priest hits you with a +0 hand axe.
The orc wizard barely misses you.
Suppress closely misses the orc wizard.
You hit the orc priest.
The orc priest is heavily wounded.
The orc priest hits you with a +0 hand axe.
The orc wizard hits you but does no damage.
The adder barely misses Suppress.
Suppress barely misses the orc wizard.
You barely miss the orc priest.
The orc priest is heavily wounded.
The orc wizard casts a spell.
The orc wizard flickers and vanishes!
Deactivating autopickup; reactivate with Ctrl-A.
The orc priest hits you with a +0 hand axe.
* * * LOW HITPOINT WARNING * * *
The orc wizard barely misses you.
The adder misses Suppress.
The orc priest attacks as you move away!
The orc priest barely misses you.
The adder bites Suppress.
Suppress hits the orc wizard but does no damage.
Suppress misses the orc wizard.
The orc priest calls down the wrath of Beogh upon you.
Beogh smites you!
Ouch! That really hurt!
You die...

#.#######
......o.#####
......SoR...#
..####o###.#
#.# #.# #@#
#.#########
#.#
#......)..#
#.#
#########.#
#?# #.# #.#
#.# #.#
#######.##
#.#
.........#
...
#######..#
#.<.....#


You could see the friendly Suppress the ancestor, an orc priest, an orc wizard
(ally target), an adder and an orc.

Vanquished Creatures
  An adder (D:2)
  2 ball pythons (D:1)
  4 endoplasms
  3 giant cockroaches (D:1)
  7 hobgoblins
  5 kobolds (D:1)
  A quokka (D:1)
  6 bats
  3 frilled lizards (D:2)
  7 goblins
  3 rats
42 creatures vanquished.

Vanquished Creatures (collateral kills)
  An adder (D:2)
  A hobgoblin (D:2)
2 creatures vanquished.

Grand Total: 44 creatures vanquished

Notes
Turn   | Place    | Note
-------+----------+-------------------------------------------
     0 | D:1      | melkoren the Demonspawn Gladiator began the quest for the
                  | Orb.
     0 | D:1      | Reached XP level 1. HP: 16/16 MP: 1/1
   225 | D:1      | Reached skill level 1 in Long Blades
   241 | D:1      | Gained mutation: You have a somewhat thin skeletal
                  | structure. (Dex +2, Stealth+) [demonic ancestry]
   241 | D:1      | Reached XP level 2. HP: 17/22 MP: 2/2
  1214 | D:1      | Gained mutation: You possess an exceptional clarity of
                  | mind. [potion of mutation]
  1243 | D:2      | Gained mutation: Your demonic aura sometimes causes spilled
                  | blood to erupt in flames. [demonic ancestry]
  1243 | D:2      | Reached XP level 3. HP: 28/28 MP: 3/3
  1552 | D:2      | Found a faded altar of an unknown god.
  1594 | D:2      | Prayed at the altar of an unknown god.
  1594 | D:2      | Became a worshipper of Hepliaklqana the Forgotten
  1594 | D:2      | Reached * piety under Hepliaklqana
  1797 | D:2      | Gained mutation: Spells you cast may paralyse adjacent
                  | enemies. [demonic ancestry]
  1797 | D:2      | Reached XP level 4. HP: 28/30 MP: 4/4
  2868 | D:3      | Killed from afar by an orc priest

Illustrated notes

Levels and vault maps discovered:
D:1:      minmay_arrival_four_circles, layout_loops_corners
D:2:      layout_loops_ring, hellmonk_ecumenical_altar_arch_garden
D:3:      layout_loops_ring, kennysheep_orc_sif_temple

Skill      XL: |  1  2  3 |
---------------+----------+-----
Long Blades    | 1 2 3 |  3.0
Dodging        | 3 |  3.2
Fighting       | |  2.6
Short Blades   | |  0.1
Axes           | |  2.6
Throwing       | |  1.7
Armour         | |  0.8

Action                     |  1- 3 |  4- 6 || total
---------------------------+-------+-------++-------
  Melee: War axe           |    22 |       ||    22
         Punch             |     2 |       ||     2
         Short sword       |   118 |     4 ||   122
 Invoke: Ancestor Identity |     1 |       ||     1
    Use: Scroll            |     3 |     2 ||     5
         Potion            |     3 |     1 ||     4
   Stab: Sleeping          |     7 |       ||     7
 Armour: Leather armour    |    42 |     1 ||    43
  Dodge: Dodged            |    88 |     4 ||    92
